 Dungeon Crawl Stone Soup version 0.30.1-9-gdf580d7c3d (webtiles) character file.

Game seed: 12351565766414513110

33 safid the Chiller (level 3, -1/26 HPs)
             Began as a Merfolk Ice Elementalist on Oct 17, 2023.
             Slain by Sigmund
             ... wielding a +0 scythe
              (11 damage)
             ... on level 2 of the Dungeon.
             The game lasted 00:01:49 (1199 turns).

safid the Chiller (Merfolk Ice Elementalist)        Turns: 1199, Time: 00:01:49

Health: -1/26      AC:  2    Str:  8    XL:     3   Next: 29%
Magic:  3/6        EV: 12    Int: 16    God:
Gold:   85         SH:  0    Dex: 14    Spells: 3/7 levels left

rFire   . . .        g - +0 spear
rCold   . . .        (no shield)
rNeg    . . .        a - +0 robe
rPois   .            (no helmet)
rElec   .            (no cloak)
rCorr   .            (no gloves)
SInv    .            (no boots)
Will    .....        (no amulet)
Stlth   ++           (no ring)
HPRegen 0.24/turn    (no ring)
MPRegen 0.10/turn

%: no passive effects
@: freezing walls
A: (nimble swimmer 2), mertail
a: no special abilities


You were on level 2 of the Dungeon.
You visited 1 branch of the dungeon, and saw 2 of its levels.

You collected 85 gold pieces.

Inventory:

Hand Weapons
 g - a +0 spear (weapon)
Armour
 a - a +0 robe (worn)
Scrolls
 c - a scroll of magic mapping {unknown}
 d - 3 scrolls of teleportation {unknown}
 e - a scroll of enchant armour {unknown}
 f - 3 scrolls of identify {unknown}
 h - a scroll of fog {unknown}
Potions
 b - a potion of magic
 i - 2 potions of mutation {unknown}
 j - a potion of flight {unknown}


   Skills:
 + Level 1.5 Fighting
 - Level 2.6 Dodging
 - Level 2.1 Stealth
 + Level 2.5 Spellcasting
 + Level 4.8 Ice Magic


You had 3 spell levels left.
You knew the following spells:

 Your Spells              Type           Power      Damage    Failure   Level
a - Freeze                Ice            68%        1d8       2%          1
b - Frozen Ramparts       Ice            34%        1d6       9%          3

Your spell library contained the following spells:

 Spells                   Type           Power      Damage    Failure   Level
 Ozocubu's Armour         Ice            17%        N/A       9%          3
 Summon Ice Beast         Ice/Summ       9%         N/A       58%         4


Dungeon Overview and Level Annotations

Branches:
Dungeon (2/15)

Altars:

Annotations:
D:2 Sigmund


Innate Abilities, Weirdness & Mutations

((You are very nimble when in or above water. (Stealth+, EV+, Speed+++)))
Your lower body shifts to a powerful aquatic tail in water.


Message History

You now have 85 gold pieces (gained 12).
You open the door.
There is an open door here.
Sigmund is nearby!
Sigmund is nearby!
Sigmund shouts!
Sigmund gestures wildly while chanting.
Sigmund flickers and vanishes!
Deactivating autopickup; reactivate with Ctrl-A.
No target in view!
Something hits you.
Casting: Freeze (safe; 2% risk of failure)
Confirm with . or Enter, or press ? or * to list all spells.
The spell is quite dangerous to miscast (9% risk of failure)!
Continue anyway?
Okay, then.
Casting: Frozen Ramparts (quite dangerous; 9% risk of failure)
Confirm with . or Enter, or press ? or * to list all spells.
The spell is quite dangerous to miscast (9% risk of failure)!
Continue anyway?
Okay, then.
Casting: Frozen Ramparts (quite dangerous; 9% risk of failure)
Confirm with . or Enter, or press ? or * to list all spells.
The spell is quite dangerous to miscast (9% risk of failure)!
Continue anyway?
Casting: Frozen Ramparts (quite dangerous; 9% risk of failure)
Press: ? - help, Dir - look around, f - activate The walls around you are covered in ice.
Unknown command.
Your frozen ramparts will break if you move.
Continue?
You hit something but do no damage.
The wall freezes something.
Something hits you.
Your frozen ramparts will break if you move.
Continue?
You barely miss something.
The wall freezes something.
Something hits you.
Your frozen ramparts will break if you move.
Continue?
You hit something.
The wall freezes something.
Something hits you.
Your frozen ramparts will break if you move.
Continue?
You miss something.
Your frozen ramparts will break if you move.
Continue?
You miss something.
The wall freezes something.
Something hits you!
Your frozen ramparts will break if you move.
Continue?
You closely miss something.
The wall freezes something.
Something hits you!
You die...

#.###.....# #...+.(...#
#.###.....# ##########
###.###.....# #<....g...
#....####'### ##.....##
###....# #.# .##.....#
.......# #.# ..##..@..#
##.##.#####.######...##.....#
#.....†........@{...''.......
####.#####.######...##.....#..
#####.# #.# ..##.....# #
...##.# #.# ########. ##.##.#
#.# #....# #.# ###..# #.# #..#
#.# #..#


There were no monsters in sight!

Vanquished Creatures
  A worm (D:2)
  3 endoplasms (D:1)
  3 giant cockroaches (D:1)
  A hobgoblin (D:1)
  3 jackals (D:1)
  A quokka (D:1)
  2 ball pythons (D:1)
  3 bats (D:1)
  3 frilled lizards (D:1)
  3 goblins (D:1)
  2 kobolds (D:1)
  3 rats
28 creatures vanquished.

Notes
Turn   | Place    | Note
-------+----------+-------------------------------------------
     0 | D:1      | safid the Merfolk Ice Elementalist began the quest for the
                  | Orb.
     0 | D:1      | Reached XP level 1. HP: 13/13 MP: 3/3
   123 | D:1      | Reached XP level 2. HP: 5/20 MP: 1/5
   133 | D:1      | HP: 1/20 [jackal (2)]
   136 | D:1      | Reached skill level 1 in Fighting
   565 | D:1      | Reached XP level 3. HP: 21/26 MP: 6/6
   569 | D:1      | Learned a level 3 spell: Frozen Ramparts
   845 | D:2      | Noticed Sigmund
  1199 | D:2      | Slain by Sigmund

Illustrated notes

Levels and vault maps discovered:
D:1:      tarquinn_simple_flora_water_e, layout_basic
D:2:      layout_basic, uniq_sigmund, uniq_crazy_yiuf_cottage

Skill      XL: |  1  2 |
---------------+-------+-----
Fighting       | 1 |  1.5
Dodging        | |  2.6
Stealth        | |  2.1
Spellcasting   | |  2.5
Ice Magic      | |  4.8

Action                     || total
---------------------------++-------
  Melee: Dagger            ||    25
         Spear             ||    84
   Cast: Freeze            ||    13
         Frozen Ramparts   ||     2
   Stab: Sleeping          ||     4
 Armour: Robe              ||    25
  Dodge: Dodged            ||    76
